 Dungeon Crawl Stone Soup version 0.30-a0-586-g23e55c9e0a (webtiles) character file.

Game seed: 2939155333770854498

2342 brightshaft the Slicer (level 9, -3/51 HPs)
             Began as a Tengu Berserker on Jan 4, 2023.
             Was a Priest of Trog.
             Slain by an orc
             ... wielding a +1 mace of draining
              (6 damage)
             ... on level 7 of the Dungeon.
             The game lasted 00:13:03 (5349 turns).

brightshaft the Slicer (Tengu Berserker)            Turns: 5349, Time: 00:13:03

Health: -3/51      AC:  5    Str: 19    XL:     9   Next: 43%
Magic:  10/10      EV: 14    Int:  7    God:    Trog [***...]
Gold:   326        SH:  5    Dex: 17    Spells: 8/8 levels left

rFire   . . .      SeeInvis .    b - +3 dagger (venom)
rCold   . . .      Faith    .    i - +1 buckler
rNeg    . . .      Spirit   .    r - +0 ring mail
rPois   +          Reflect  .    y - +0 hat
rElec   .          Harm     .    (no cloak)
rCorr   .          Rampage  .    (no gloves)
Will    .....                    (boots unavailable)
Stlth   +                        (no amulet)
HPRegen 0.28/turn                n - ring of poison resistance
MPRegen 0.12/turn                (no ring)

@: on berserk cooldown, flying quickly and evasively, slowed, very slow
A: beak, talons 3, nimble flight
a: Renounce Religion, Berserk, Trog's Hand


You were on level 7 of the Dungeon.
You worshipped Trog.
Trog was most pleased with you.
You visited 1 branch of the dungeon, and saw 7 of its levels.

You collected 326 gold pieces.

Inventory:

Hand Weapons
 a - a +2 rapier
 b - a +3 dagger of venom (weapon)
 t - a +2 vampiric hand axe
 z - a +0 long sword
 F - a +2 shortbow of freezing
Armour
 g - a +0 tower shield
 i - a +1 buckler (worn)
 r - a +0 ring mail (worn)
 v - a +1 chain mail of poison resistance
 y - a +0 hat (worn)
 B - a +0 scale mail
Jewellery
 n - a ring of poison resistance (left hand)
 q - a ring of see invisible
 D - an amulet of the acrobat
Wands
 j - a wand of flame (20) {@v2}
 s - a wand of digging (5)
 u - a wand of polymorph (2)
 C - a wand of mindburst (13) {@v3}
 E - a wand of roots (13)
Scrolls
 h - 5 scrolls of identify {@r1}
 k - 2 scrolls of teleportation {@r4}
 l - a scroll of blinking
 A - 2 scrolls of amnesia {unknown}
Potions
 c - 2 potions of attraction
 d - 3 potions of degeneration {unknown}
 e - a potion of resistance
 f - 3 potions of haste {unknown}
 m - a potion of ambrosia {unknown}
 o - 2 potions of mutation {unknown}
 p - a potion of cancellation {unknown}
 w - a potion of invisibility {unknown}
 x - a potion of lignification {unknown}


   Skills:
 - Level 3.6 Fighting
 * Level 13.0 Short Blades
 - Level 1.1 Axes
 - Level 3.1 Armour
 - Level 3.1 Dodging
 - Level 1.1 Shields


You had 8 spell levels left.
You didn't know any spells.
Your spell library was empty.

Dungeon Overview and Level Annotations

Branches:
Dungeon (7/15)             Temple (0/1) D:5

Altars:
Ashenzari
Dithmenos
Fedhas
Gozag
Kikubaaqudgha
Nemelex Xobeh
Okawaru
Ru
Sif Muna
Trog
Uskayaw
Vehumet
Wu Jian
Xom
Yredelemnul
The Shining One

Annotations:
D:4 2 runed translucent doors, sirJeffrey23's ghost, amateur HOFi


Innate Abilities, Weirdness & Mutations

You have a beak for a mouth.
You have claws for feet.
Your magical nature lets you fly swiftly and evasively.


Message History

A centaur comes into view.
It is wielding the +8 trident of Woudaqoba {drain, Will+ Dex+2}.
The centaur shouts!
The centaur unwields the +8 trident of Woudaqoba {drain, Will+ Dex+2}.
The centaur wields a +0 shortbow.
The centaur shoots an arrow.
The arrow hits you.
The centaur shoots an arrow.
The arrow hits you!
* * * LOW HITPOINT WARNING * * *
An ice beast comes into view.
The centaur shoots an arrow.
The arrow hits you.
* * * LOW HITPOINT WARNING * * *
Okay, then.
A red film seems to cover your vision as you go berserk!
You feel yourself moving faster!
You feel mighty!
The centaur shoots an arrow.
The arrow hits you.
* * * LOW HITPOINT WARNING * * *
You feel a strong urge to attack something.
The centaur unwields a +0 shortbow.
The centaur wields the +8 trident of Woudaqoba {drain, Will+ Dex+2}.
You sense an unholy aura.
The centaur barely misses you. You block the centaur's attack.
The ice beast barely misses you.
You hit the centaur.
The centaur is poisoned.
You claw the centaur!
The centaur is severely wounded.
You hit the centaur.
You kill the centaur!
Trog accepts your kill. You block the ice beast's attack.
You barely miss the ice beast. You claw the ice beast. You peck the ice beast.
The ice beast is moderately wounded.
You puncture the ice beast! You claw the ice beast!
You kill the ice beast!
Trog accepts your kill.
Your Short Blades skill increases to level 13!
Items here: ( )) †.
Okay, then.
You feel a strong urge to attack something.
You feel your anger nearly subside.
You are no longer berserk.
You are exhausted.
You feel yourself slow down.
The orc hits you with a +1 mace of draining.
You die...

.....###..###>#..............
.....#
#.#...#######...###.#.##..
.....# #.#...#
##............... ######
#.##.## #..#....)#######.
#.##.# ##."......†.......
#....# ##..##...###)..##..
####.###..###.#.# #.#.#
#######.......o###...# #...#
#.........##.#@...###. .###.
###.#####.#....#..#.# .#. .#
....# #.#.##......# #.# .
##### #.#.##.#)###..# # ##
#......[.# #.# ###.###..# .
#.# ##.. ... ....


You could see an orc.

Vanquished Creatures
  A troll (D:7)
  Eustachio (D:5)
  A wyvern (D:6)
  An orc warrior (D:6)
  2 water moccasins
  An ice beast (D:7)
  2 ogres
  2 centaurs (D:7)
  2 phantoms
  A kobold brigand (D:7)
  A bullfrog (D:7)
  3 scorpions
  3 howler monkeys (D:7)
  2 orc priests (D:7)
  3 hounds
  A jelly (D:4)
  A gnoll bouda (D:7)
  An iguana (D:4)
  Terence (D:3)
  3 orc wizards
  3 gnolls (D:5)
  8 adders
  4 shadow imps
  4 worms
  2 dart slugs
  20 orcs
  7 endoplasms
  5 giant cockroaches
  2 goblins (D:1)
  6 hobgoblins
  3 jackals (D:4)
  5 kobolds
  2 quokkas
  11 ball pythons
  5 bats
  5 frilled lizards
  8 rats
133 creatures vanquished.

Notes
Turn   | Place    | Note
-------+----------+-------------------------------------------
     0 | D:1      | brightshaft the Tengu Berserker began the quest for the
                  | Orb.
     0 | D:1      | Reached XP level 1. HP: 14/14 MP: 2/2
   158 | D:1      | Found a faded altar of an unknown god.
   176 | D:1      | Reached XP level 2. HP: 15/19 MP: 3/3
   521 | D:1      | Reached XP level 3. HP: 21/23 MP: 4/4
  1162 | D:2      | Reached ** piety under Trog
  1215 | D:2      | Reached skill level 4 in Short Blades
  1362 | D:2      | Reached XP level 4. HP: 15/28 MP: 5/5
  1797 | D:3      | Found a sacrificial altar of Ru.
  1901 | D:3      | Found an ornate altar of the Wu Jian Council.
  1904 | D:3      | Noticed Terence
  1946 | D:3      | Killed Terence
  1947 | D:3      | Reached skill level 1 in Axes
  1947 | D:3      | Reached skill level 1 in Shields
  1947 | D:3      | Gained mutation: Your magical nature lets you fly swiftly
                  | and evasively. [Tengu growth]
  1947 | D:3      | Reached XP level 5. HP: 32/32 MP: 6/6
  2067 | D:3      | Found a glowing golden altar of the Shining One.
  2103 | D:3      | Noticed a moth of wrath
  2106 | D:3      | Found a bloodstained altar of Trog.
  2181 | D:3      | Found a broken altar of Ashenzari.
  2221 | D:3      | Noticed a phantom
  2226 | D:3      | Killed a phantom
  2227 | D:3      | Reached skill level 5 in Short Blades
  2509 | D:4      | Reached XP level 6. HP: 37/37 MP: 7/7
  2549 | D:4      | Found a hide-covered altar of Uskayaw.
  2687 | D:4      | Found a large runed translucent door.
  2687 | D:4      | Found a large runed translucent door.
  2688 | D:4      | Noticed sirJeffrey23's ghost (amateur HOFi)
  2787 | D:4      | Reached skill level 6 in Short Blades
  3039 | D:4      | Found a shimmering altar of Xom.
  3039 | D:4      | Found a radiant altar of Vehumet.
  3039 | D:4      | Found a basalt altar of Yredelemnul.
  3039 | D:4      | Found a sparkling altar of Nemelex Xobeh.
  3040 | D:4      | Found a shimmering blue altar of Sif Muna.
  3040 | D:4      | Found a shadowy altar of Dithmenos.
  3042 | D:4      | Found an iron altar of Okawaru.
  3042 | D:4      | Found a blossoming altar of Fedhas.
  3042 | D:4      | Found an opulent altar of Gozag.
  3269 | D:5      | Entered Level 5 of the Dungeon
  3269 | D:5      | Noticed Eustachio
  3352 | D:5      | Killed Eustachio
  3353 | D:5      | Reached skill level 7 in Short Blades
  3353 | D:5      | Reached XP level 7. HP: 40/41 MP: 8/8
  3357 | D:5      | Reached skill level 8 in Short Blades
  3643 | D:5      | Reached *** piety under Trog
  3727 | D:5      | Reached skill level 9 in Short Blades
  3727 | D:5      | Reached XP level 8. HP: 34/47 MP: 9/9
  4066 | D:5      | Found a staircase to the Ecumenical Temple.
  4206 | D:5      | Found an ancient bone altar of Kikubaaqudgha.
  4316 | D:6      | Noticed a wyvern
  4326 | D:6      | Killed a wyvern
  4327 | D:6      | Reached skill level 10 in Short Blades
  4573 | D:6      | Reached skill level 11 in Short Blades
  4765 | D:7      | HP: 1/47 [howler monkey (3)]
  5074 | D:7      | Reached XP level 9. HP: 51/51 MP: 10/10
  5153 | D:7      | Reached skill level 12 in Short Blades
  5194 | D:7      | Noticed a troll
  5207 | D:7      | Killed a troll
  5336 | D:7      | Identified the +8 trident of Woudaqoba {drain, Will+ Dex+2}
  5346 | D:7      | Reached skill level 13 in Short Blades
  5349 | D:7      | Slain by an orc

Illustrated notes

Levels and vault maps discovered:
D:1:      sevenhm_arrival_forest_fort_small_5, layout_loops_corners,
          shapermc_ecumenical_altar_venn, minmay_close_crescents
D:2:      layout_rooms, minmay_shallow_snake_nest
D:3:      layout_rooms, overflow_temple_1_default, ashenzari_altar_1,
          mainiacjoe_overflow_tiny_flanked, tgw_trog,
          mainiacjoe_overflow_surrounded_room, uniq_terence
D:4:      layout_loops_ring, amcnicky_altar_gilded, nicolae_overflows_in_rows,
          ebering_ghost_disaster_area
D:5:      layout_loops_ring, general_overflow_altar,
          minmay_temple_entry_butterflies, uniq_eustachio
D:6:      lemuel_ice_spiral_2, layout_rooms, amcnicky_mini_corridor_feature
D:7:      layout_loops_cross, minmay_starry_boxes

Skill      XL: |  1  2  3  4  5  6  7  8  9 |
---------------+----------------------------+-----
Short Blades   | 4 5 7 9 11 13 | 13.0
Armour         | 3 |  3.1
Dodging        | 3 |  3.1
Axes           | 1 |  1.1
Shields        | 1 |  1.1
Fighting       | |  3.6

Action                   |  1- 3 |  4- 6 |  7- 9 || total
-------------------------+-------+-------+-------++-------
Melee: Short sword       |    91 |    89 |     2 ||   182
       Peck              |    17 |    16 |    35 ||    68
       Kick              |    19 |    37 |    66 ||   122
       Hand axe          |       |    25 |       ||    25
       Rapier            |       |       |   172 ||   172
       Dagger            |       |       |     8 ||     8
Invok: Berserk           |       |     5 |     5 ||    10
       Trog's Hand       |       |       |     1 ||     1
  Use: Scroll            |       |     8 |     5 ||    13
       Potion            |       |       |     2 ||     2
 Stab: Sleeping          |     3 |     1 |       ||     4
Armor: Animal skin       |    14 |     1 |       ||    15
       Ring mail         |       |    21 |    26 ||    47
Dodge: Dodged            |    41 |    60 |   107 ||   208
Block: Buckler           |     8 |    18 |    43 ||    69

Table legend: (Time is in decaauts)
 A = Elapsed time spent in this place.
 B = Non-inter-level travel time spent in this place.
 C = Inter-level travel time spent in this place.
 D = Time resting spent in this place.
 E = Time spent auto-exploring this place.
 F = Levels seen in this place.
 G = Mean time per level.
                   A        B        C        D        E       F      G
               +--------+--------+--------+--------+--------+-----+--------+
         Total |   5151 |   5035 |    116 |      0 |   3946 |   7 |  735.9 |
       Dungeon |   5151 |   5035 |    116 |      0 |   3946 |   7 |  735.9 |
               +--------+--------+--------+--------+--------+-----+--------+

Top non-repeatable levels by time:
     D:1: 979 daAuts
     D:4: 941 daAuts
     D:5: 841 daAuts
     D:2: 706 daAuts
     D:3: 639 daAuts
     D:7: 623 daAuts
     D:6: 418 daAuts
